 Dungeon Crawl Stone Soup version 0.31-a0-1068-g5939ac1fb6 (webtiles) character file.

Game seed: 14018247714094880744

8 Chiseanne the Trooper (level 2, 20/22 HPs)
             Began as a Demonspawn Wanderer on Nov 24, 2023.
             Quit the game on level 1 of the Dungeon.
             The game lasted 00:00:24 (198 turns).

Chiseanne the Trooper (Demonspawn Wanderer)          Turns: 198, Time: 00:00:25

Health: 20/22      AC:  3    Str:  9    XL:     2   Next: 0%
Magic:  3/3        EV: 11    Int: 12    God:
Gold:   19         SH:  4    Dex: 16    Spells: 3/3 levels left

rFire   . . .        a - +0 rapier
rCold   . . .        b - +0 buckler
rNeg    . . .        d - +0 robe
rPois   .            (no helmet)
rElec   .            h - +0 cloak
rCorr   .            (no gloves)
SInv    .            (no boots)
Will    .....        (no amulet)
Stlth   +            (no ring)
HPRegen 0.23/turn    (no ring)
MPRegen 0.08/turn

%: no passive effects
@: no status effects
A: weakness stinger 1
a: no special abilities


You were on level 1 of the Dungeon.
You visited 1 branch of the dungeon, and saw 1 of its levels.

You collected 19 gold pieces.

Inventory:

Hand Weapons
 a - a +0 rapier (weapon)
Missiles
 g - 4 stones
Armour
 b - a +0 buckler (worn)
 d - a +0 robe (worn)
 h - a +0 cloak (worn)
Scrolls
 c - a scroll of butterflies
 e - a scroll of brand weapon {unknown}
 f - 3 scrolls of teleportation {unknown}
Potions
 i - a potion of degeneration {unknown}


   Skills:
 * Level 2.2 Fighting
 - Level 1.7 Short Blades
 * Level 2.0 Dodging
 * Level 1.2 Shields
 - Level 1.0 Spellcasting
 - Level 2.0 Conjurations


You had 3 spell levels left.
You didn't know any spells.
Your spell library contained the following spells:

 Spells                   Type           Power      Damage    Failure   Level
 Momentum Strike          Conj/Tloc      6%         3d8       41%         2
 Static Discharge         Conj/Air       6%         3-4/arc   41%         2


Dungeon Overview and Level Annotations

Branches:
Dungeon (1/15)

Altars:


Innate Abilities, Weirdness & Mutations

You have a small tail.


Message History

The hobgoblin misses you.
You hit the hobgoblin.
You kill the hobgoblin!
Your Dodging skill increases to level 2!
No target in view!
No target in view!
No target in view!
No target in view!
No target in view!
No target in view!
No target in view!
No target in view!
No target in view!
No target in view!
No target in view!
No target in view!
No target in view!
No target in view!
Found a cloak.
No target in view!
You see here a +0 cloak.
h - a +0 cloak You start putting on your armour.
You continue putting on your +0 cloak. x4
You finish putting on your +0 cloak.
You now have 19 gold pieces (gained 6).
i - an orange potion
Found a dagger.
You see here a +0 dagger.
A goblin comes into view. It is wielding a +0 club.
The goblin shouts!
Found 5 poisoned darts.
You barely miss the goblin. The goblin barely misses you.
You closely miss the goblin. The goblin hits you with a +0 club.
You hit the goblin.
You kill the goblin!
You have reached level 2!
You feel monstrous as your demonic heritage exerts itself.
Your demonic ancestry asserts itself...
You grow a small tail.
Are you sure you want to abandon this character and quit the game? (Confirm with "yes".)

##...#..###.# #.#
#...†.......#####.#####
#...)#..#####.........#
....##......[.###.###.#
#.####..####...##.# #.#
#.........^.......# #.#
#..####.####...######.#
#..# #..# #..)...# #..#
##.# #@###### #..##
##.## #.=.)...(...
#...###.#.######.##.###.
#.#.##.###.## #.# #
#.....## ##.# #.#
....##.###..# #.#
........#.#.# #.#
#...####.##.# #.#
#...#######.#


There were no monsters in sight!

Vanquished Creatures
  A ball python (D:1)
  2 goblins (D:1)
  2 hobgoblins (D:1)
  A quokka (D:1)
6 creatures vanquished.

Notes
Turn   | Place    | Note
-------+----------+-------------------------------------------
     0 | D:1      | Chiseanne the Demonspawn Wanderer began the quest for the
                  | Orb.
     0 | D:1      | Chiseanne set off with the following items: a +0 rapier, a
                  | +0 buckler, a scroll of butterflies, a +0 robe; and the
                  | following spells available to memorise: Momentum Strike,
                  | Static Discharge.
     0 | D:1      | Reached XP level 1. HP: 16/16 MP: 2/2
   198 | D:1      | Discovered your monstrous ancestry.
   198 | D:1      | Gained mutation: You have a small tail. [demonic ancestry]
   198 | D:1      | Reached XP level 2. HP: 20/22 MP: 3/3
   198 | D:1      | Quit the game

Illustrated notes

Levels and vault maps discovered:
D:1:      minmay_arrival_diagonal_passages, layout_loops_ring,
          ebering_ecumenical_altar_petrified

Skill      XL: |  1 |
---------------+----+-----
Dodging        | 2 |  2.0
Fighting       | |  2.2
Short Blades   | |  1.7
Shields        | |  1.2
Spellcasting   | |  1.0
Conjurations   | |  2.0

Action                     || total
---------------------------++-------
  Melee: Rapier            ||    15
 Armour: Robe              ||     4
  Dodge: Dodged            ||     8
  Block: Buckler           ||     3

Table legend: (Time is in decaauts)
 A = Elapsed time spent in this place.
 B = Non-inter-level travel time spent in this place.
 C = Inter-level travel time spent in this place.
 D = Time resting spent in this place.
 E = Time spent auto-exploring this place.
 F = Levels seen in this place.
 G = Mean time per level.
                   A        B        C        D        E       F      G
               +--------+--------+--------+--------+--------+-----+--------+
         Total |    200 |    200 |      0 |      0 |    155 |   1 |  200.0 |
       Dungeon |    200 |    200 |      0 |      0 |    155 |   1 |  200.0 |
               +--------+--------+--------+--------+--------+-----+--------+

Top non-repeatable levels by time:
     D:1: 200 daAuts
